 Dungeon Crawl Stone Soup version 0.30-b1-2-g02819fbbbe (webtiles) character file.

Game seed: 16160700645831358022

963 Mesmaeker13 the Insei (level 8, -1/67 (81) HPs)
             Began as an Octopode Transmuter on May 14, 2023.
             Slain by a wight
             ... wielding a +3 scimitar
              (2 damage)
             ... on level 5 of the Dungeon on May 17, 2023.
             The game lasted 00:08:20 (6069 turns).

Mesmaeker13 the Insei (Octopode Transmuter)         Turns: 6069, Time: 00:08:21

HP:   -1/67 (81)    AC: 24    Str: 10    XL:     8   Next: 15%
MP:   17/20         EV:  2    Int: 17    God:
Gold: 89            SH:  0    Dex: 12    Spells: 4/11 levels left

rFire   + . .        d - +2 dagger (venom)
rCold   . . .        (no shield)
rNeg    . . .        (helmet currently unavailable)
rPois   +            (no amulet)
rElec   .            p - ring "Juoruasu" {Fly rF+ MP+9}
rCorr   .            (no ring)
SInv    .            (no ring)
Will    .....        (no ring)
Stlth   +            (no ring)
HPRegen 0.31/turn    (no ring)
MPRegen 0.17/turn    (no ring)
                     (no ring)

%: no passive effects
@: tree-form, wereblooded (expiring), heavily drained
A: stationary, stasis, torment immunity, boosted hp, almost no armour,
(amphibious), 8 rings, (camouflage 1), (gelatinous body 1), (nimble swimmer 1),
(tentacles)
a: no special abilities


You were on level 5 of the Dungeon.
You were a tree.
You visited 1 branch of the dungeon, and saw 6 of its levels.

You collected 204 gold pieces.
You spent 115 gold pieces at shops.

Inventory:

Hand Weapons
 d - a +2 dagger of venom (weapon)
 h - a +1 short sword of flaming
 q - a +1 hand axe of freezing
Jewellery
 p - the ring "Juoruasu" (left branch) {Fly rF+ MP+9}
   (You bought it in a shop on level 2 of the Dungeon)

   [ring of flight]

   rF:        It protects you from fire.
   MP:        It affects your magic capacity (+9).
   Fly:       It grants you flight.
Wands
 l - a wand of flame (17)
Scrolls
 e - 3 scrolls of teleportation
 f - a scroll of vulnerability {unknown}
 g - 2 scrolls of poison {unknown}
 i - a scroll of blinking {unknown}
 m - a scroll of fear {unknown}
 n - 2 scrolls of amnesia
 o - a scroll of fog {unknown}
 r - a scroll of immolation {unknown}
 s - a scroll of silence
Potions
 b - a potion of degeneration {unknown}
 c - a potion of invisibility {unknown}
 j - 2 potions of flight {unknown}
 k - 2 potions of curing


   Skills:
 + Level 4.6 Fighting
 - Level 2.0 Dodging
 + Level 5.5 Unarmed Combat
 - Level 2.0 Spellcasting
 + Level 5.0 Transmutations
 + Level 3.9 Ice Magic


You had 4 spell levels left.
You knew the following spells:

 Your Spells              Type           Power      Damage    Failure   Level
a - Beastly Appendage     Tmut           36%        N/A       2%          1
b - Wereblood             Tmut           18%        N/A       3%          2
c - Ice Form              Ice/Tmut       16%        N/A       30%         4

Your spell library contained the following spells:

 Spells                   Type           Power      Damage    Failure   Level
 Ensorcelled Hibernation  Hex/Ice        16%        N/A       13%         2
 Magic Dart               Conj           4%         1d3       19%         1
 Slow                     Hex            4%         N/A       19%         1
 Spider Form              Tmut/Pois      10%        N/A       21%         3
 Call Imp                 Summ           2%         N/A       28%         2
 Confusing Touch          Hex            1%         N/A       50%         3
 Mephitic Cloud           Conj/Pois/Air  1%         N/A       50%         3
 Vampiric Draining        Necr           1%         2d6       50%         3
 Anguish                  Hex/Necr       0%         N/A       88%         4


Dungeon Overview and Level Annotations

Branches:
Dungeon (6/15)
 Temple: D:4-7

Altars:

Shops:
D:2 *(   D:5 *


Innate Abilities, Weirdness & Mutations

You are a tree.
Your roots penetrate the ground, keeping you stationary.
You cannot be teleported.
You are immune to unholy pain and torment.
Your maximum health is greatly increased.
You cannot wear most types of armour.
((You are amphibious.))
You can wear up to eight rings at the same time.
((Your skin changes colour to match your surroundings (Stealth+).))
((Your rubbery body absorbs attacks. (AC +1, EV +1)))
((You are camouflaged when in or above water. (Stealth+)))
((You have tentacles for arms and can constrict up to eight enemies at once.))


Message History

You destroy the wight!
The wight hits you with a +3 scimitar!
Your Transmutations skill increases to level 5!
You hit the wight but do no damage. The wight hits you with a +3 scimitar!
* * * LOW HITPOINT WARNING * * *
You feel drained.
* * * LOW HITPOINT WARNING * * *
You punch the wight!
The wight is heavily damaged.
The wight hits you with a +3 scimitar.
* * * LOW HITPOINT WARNING * * *
You feel drained.
* * * LOW HITPOINT WARNING * * *
Unknown command.
You feel better. The wight hits you with a +3 scimitar.
* * * LOW HITPOINT WARNING * * *
You feel drained.
* * * LOW HITPOINT WARNING * * *
Really quaff the potion of lignification?
You warm up again.
Your +2 dagger of venom unmelds from your body.
Your +2 dagger of venom begins to drip with poison!
You turn into a tree.
Your roots penetrate the ground.
You creak as the wereblood boils in your veins!
The wight hits you but does no damage.
Unknown command.
You barely miss the wight.
The wight is heavily damaged.
The wight hits you with a +3 scimitar.
* * * LOW HITPOINT WARNING * * *
You feel drained.
* * * LOW HITPOINT WARNING * * *
Unknown command.
You closely miss the wight.
The wight is heavily damaged.
Your primal bloodlust is almost over.
The wight hits you with a +3 scimitar.
* * * LOW HITPOINT WARNING * * *
You feel drained.
You die...

...#.#.##........# #.# #.#
.....#......###.## #.# #.#
.....'......# #.# #.# #.#
...###......# #.# #.# #.#
#########.#####.# #.# #.#
................# #.# #(#
######..#.#####.# #.# #.#
................#####.######.####
................♣...............#
....##.###......)z..#.###########
....##..............#.#
##########..........#.# ####
#..........#.# ...#
#..........#.# ##.#
#.##.......#.# ##.#####
#.##.##.##.#.# .......#
#.##.##[##.#.#


You could see a wight.

Vanquished Creatures
  A centaur (D:5)
  A scorpion (D:5)
  3 wights
  5 killer bees (D:5)
  3 jellies
  2 orc priests
  A hound (D:5)
  A gnoll bouda (D:6)
  An iguana (D:5)
  4 gnolls
  6 adders
  A shadow imp (D:5)
  3 worms
  A dart slug (D:1)
  16 orcs
  6 endoplasms
  3 giant cockroaches (D:2)
  7 hobgoblins
  5 jackals
  8 kobolds
  8 quokkas
  5 ball pythons
  4 bats
  4 frilled lizards
  7 goblins
  3 rats
109 creatures vanquished.

Notes
Turn   | Place    | Note
-------+----------+-------------------------------------------
     0 | D:1      | Mesmaeker13 the Octopode Transmuter began the quest for the
                  | Orb.
     0 | D:1      | Reached XP level 1. HP: 13/13 MP: 3/3
   151 | D:1      | Reached XP level 2. HP: 12/18 MP: 3/5
   589 | D:1      | Reached XP level 3. HP: 22/24 MP: 4/6
   592 | D:1      | Learned a level 2 spell: Wereblood
  1268 | D:2      | Reached XP level 4. HP: 28/29 MP: 5/7
  1301 | D:2      | Learned a level 4 spell: Ice Form
  1485 | D:2      | Found Juxis's Assorted Antiques.
  1560 | D:2      | Found Hoyjuf's Weapon Shoppe.
  1877 | D:3      | Found a faded altar of an unknown god.
  2296 | D:3      | Reached skill level 1 in Ice Magic
  2310 | D:3      | Reached XP level 5. HP: 10/35 MP: 8/8
  3928 | D:2      | Bought a bound bone ring for 115 gold pieces
  3928 | D:2      | Identified the ring "Juoruasu" {Fly rF+ MP+9} (You bought
                  | it in a shop on level 2 of the Dungeon)
  3988 | D:5      | Entered Level 5 of the Dungeon
  4025 | D:5      | Reached XP level 6. HP: 41/42 MP: 9/9
  4157 | D:5      | Found Vapsoump's Assorted Antiques.
  4306 | D:5      | Reached XP level 7. HP: 42/46 MP: 10/10
  4971 | D:5      | Reached skill level 5 in Unarmed Combat
  6009 | D:6      | Reached XP level 8. HP: 54/54 MP: 11/11
  6064 | D:5      | Reached skill level 5 in Transmutations
  6065 | D:5      | HP: 3/60 [wight/+3 scimitar (1)]
  6069 | D:5      | HP: 1/70 [wight/+3 scimitar (5)]
  6069 | D:5      | Slain by a wight

Illustrated notes

Levels and vault maps discovered:
D:1:      ncdulo_smallfort, layout_loops_ring
D:2:      layout_loops_ring, serial_shops, shop, nicolae_shop_window_shopping
D:3:      layout_loops_cross, hellmonk_ecumenical_altar_run_dry
D:4:      layout_loops_corners, kennysheep_path_1
D:5:      layout_basic, serial_shops, shop
D:6:      layout_rooms, temple_hall, nicolae_figureground_pulse,
          uniq_crazy_yiuf_cottage

Skill      XL: |  1  2  3  4  5  6  7  8 |
---------------+-------------------------+-----
Fighting       | 2 3 4 |  4.6
Transmutations | 3 4 5 |  5.0
Ice Magic      | 1 2 3 |  3.9
Unarmed Combat | 4 5 |  5.5
Dodging        | |  2.0
Spellcasting   | |  2.0

Action                     |  1- 3 |  4- 6 |  7- 9 || total
---------------------------+-------+-------+-------++-------
  Melee: Unarmed           |    24 |       |    29 ||    53
         Constrict         |    23 |    19 |    17 ||    59
         Kick              |    24 |    25 |    20 ||    69
         Tentacles         |    11 |    14 |     9 ||    34
         Dagger            |    55 |    90 |    43 ||   188
         Punch             |     2 |     6 |       ||     8
   Cast: Beastly Appendage |    26 |    26 |    11 ||    63
         Wereblood         |     4 |    12 |    10 ||    26
         Ice Form          |       |       |     5 ||     5
  Evoke: Wand              |       |     6 |     2 ||     8
    Use: Scroll            |       |     3 |     1 ||     4
         Potion            |       |     1 |     2 ||     3
   Stab: Sleeping          |     2 |     4 |     2 ||     8
 Armour: Skin              |     5 |     3 |     7 ||    15
  Dodge: Dodged            |    57 |    55 |    38 ||   150
